 Dungeon Crawl Stone Soup version 0.21.1-1-g345015f (webtiles) character file.

3197 Fang the Cleaver (level 9, -1/85 HPs)
             Began as a Gargoyle Berserker on May 18, 2018.
             Was a High Priest of Trog.
             Slain by a wolf (9 damage)
             ... led by Grum
             ... on level 8 of the Dungeon on May 19, 2018.
             The game lasted 00:11:51 (7318 turns).

Fang the Cleaver (Gargoyle Berserker)               Turns: 7318, Time: 00:11:52

Health: -1/85      AC: 14    Str: 29    XL:     9   Next: 96%
Magic:  9/9        EV: 12    Int: 13    God:    Trog [*****.]
Gold:   308        SH:  0    Dex:  9    Spells: 8/8 levels left

rFire    + . .     SeeInvis .   n - +0 hand axe (elec)
rCold    x . .     Gourm    .   (no shield)
rNeg     + . .     Faith    .   a - +2 ring mail "Miowua" {Regen+ rCorr}
rPois    ∞         Spirit   .   (no helmet)
rElec    +         Reflect  .   (no cloak)
rCorr    +         Harm     +   (no gloves)
MR       .....                  (no boots)
Stlth    ..........             w - amulet of harm
HPRegen  0.64/turn              l - +5 ring of intelligence
MPRegen  0.11/turn              m - ring of fire

@: berserking, very quick
A: negative energy resistance 1, electricity resistance, unbreathing,
petrification resistance, rot immunity, AC +6
a: Berserk, Trog's Hand, Brothers in Arms, Burn Spellbooks, Renounce Religion


You were on level 8 of the Dungeon.
You worshipped Trog.
Trog was extremely pleased with you.
You were not hungry.

You visited 1 branch of the dungeon, and saw 8 of its levels.

You collected 308 gold pieces.

Inventory:

Hand Weapons
 n - a +0 hand axe of electrocution (weapon)
Missiles
 v - 2 javelins (quivered)
Armour
 a - the +2 ring mail "Miowua" (worn) {Regen+ rCorr}
   (You found it on level 7 of the Dungeon)

   It increases your rate of regeneration.
   It protects you from acid and corrosion.
 i - a +3 plate armour of cold resistance
Jewellery
 e - an uncursed amulet of the gourmand
 l - a +5 ring of intelligence (left hand)
 m - a ring of fire (right hand)
 w - an amulet of harm (around neck)
Wands
 q - a wand of random effects (15)
Scrolls
 b - a scroll of blinking
 f - 2 scrolls of teleportation
 h - a scroll of remove curse
 o - a scroll of fog
Potions
 d - 2 potions of lignification
 g - a potion of mutation
 j - 6 potions of heal wounds {unknown}
 k - 3 potions of curing
 p - a potion of might
 r - 2 potions of brilliance {unknown}
 s - 2 potions of flight
 t - a potion of ambrosia
 u - 3 potions of haste
 x - a potion of cancellation
Comestibles
 c - 8 rations


   Skills:
 + Level 7.0 Fighting
 + Level 9.8 Axes
 + Level 5.8 Armour
 + Level 4.2 Dodging
 + Level 0.8 Stealth


You had 8 spell levels left.
You didn't know any spells.

Dungeon Overview and Level Annotations

Branches:
Dungeon (8/15)             Temple (0/1) D:5
   Lair: D:8-11

Altars:
Fedhas
Gozag
Kikubaaqudgha
Ru
Trog
Wu Jian

Annotations:
D:8 Grum, Psyche


Innate Abilities, Weirdness & Mutations

You are resistant to torment.
Your stone body is resilient. (AC +6)
You are immune to poison.
You resist negative energy. (rN+)
You are resistant to electric shocks. (rElec)
You can survive without breathing.
You are immune to petrification.
You are immune to rotting.


Message History

You hit the orc but do no damage.
You hit the orc warrior but do no damage.
You barely miss the wolf. The wolf misses you.
The orc warrior barely misses you. The orc closely misses you.
Unknown command.
You eat one of the 9 rations.
That ration really hit the spot!
The wolf barely misses you. Grum barely misses you. The wolf bites you.
The orc warrior hits you with a scimitar!
* * * LOW HITPOINT WARNING * * *
The orc hits you but does no damage.
A wolf comes into view.
A red film seems to cover your vision as you go berserk!
You feel yourself moving faster!
You feel mighty!
You feel a lot more hungry. The wolf bites you but does no damage.
Psyche screams, "YOU ARE VIOLATING AREA SECURITY!!!"
Psyche miscasts a cantrip.
Grum hits you from afar with a glaive!
* * * LOW HITPOINT WARNING * * *
The wolf bites you!
You die...

##.## .... ... #
.h#. ../ ##
###g### ##.#
#.oh..#
####...##.@o..##.
#......<..)@.....#
#.##...##.....##.#
##.[ ......#
#.######### #. #.
#


You could see Psyche, Grum, an orc warrior, 2 wolves and an orc.

Vanquished Creatures
  The ghost of Fang the Cleaver, a novice GrBe of Trog (D:7)
  The ghost of Homage the Conjurer, a novice GrCj of Sif Muna (D:4)
  The ghost of Homage the Conjurer, an amateur GrCj (D:3)
  Eustachio (D:6)
  2 ice beasts
  An orc warrior (D:6)
  A phantom (D:4)
  An ogre (D:6)
  A centaur (D:6)
  A big kobold (D:5)
  4 bullfrogs
  A wyvern zombie (D:6)
  2 gnoll sergeants
  3 scorpions
  A wyvern skeleton (D:7)
  A centaur zombie (D:5)
  A bullfrog zombie (D:6)
  A hound (D:5)
  3 orc priests
  A centaur skeleton (D:5)
  3 orc wizards
  4 worker ants
  A killer bee zombie (D:6)
  2 hound skeletons
  A howler monkey zombie (D:6)
  Robin (D:2)
  18 gnolls
  5 adders
  3 shadow imps
  An ooze (D:7)
  2 adder skeletons
  An adder zombie (D:5)
  10 worms
  3 dart slugs
  3 leopard geckos
  21 orcs
  3 giant cockroaches
  15 goblins
  10 hobgoblins
  16 jackals
  25 kobolds
  A ball python (D:1)
  12 bats
  7 frilled lizards
  A jackal skeleton (D:4)
  A leopard gecko skeleton (D:5)
  2 quokka skeletons (D:7)
  9 rats
  2 plants (D:5)
212 creatures vanquished.

Vanquished Creatures (others)
  A fungus (D:6)
1 creature vanquished.

Grand Total: 213 creatures vanquished

Notes
Turn   | Place    | Note
-------+----------+-------------------------------------------
     0 | D:1      | Fang the Gargoyle Berserker began the quest for the Orb.
     0 | D:1      | Reached XP level 1. HP: 14/14 MP: 1/1
   163 | D:1      | Reached XP level 2. HP: 18/19 MP: 2/2
   484 | D:1      | Reached skill level 3 in Axes
   755 | D:2      | Reached XP level 3. HP: 16/24 MP: 3/3
   830 | D:2      | Reached ** piety under Trog
   867 | D:2      | Noticed Robin
   880 | D:2      | Killed Robin
   880 | D:2      | Reached XP level 4. HP: 19/29 MP: 4/4
  2066 | D:3      | Reached skill level 4 in Axes
  2066 | D:3      | Reached XP level 5. HP: 32/34 MP: 5/5
  2511 | D:3      | Noticed Homage's ghost (amateur GrCj)
  2704 | D:3      | Killed Homage's ghost
  2704 | D:3      | Reached skill level 5 in Axes
  2704 | D:3      | Reached XP level 6. HP: 28/39 MP: 6/6
  2866 | D:3      | Reached *** piety under Trog
  3253 | D:4      | Reached XP level 7. HP: 44/44 MP: 7/7
  3509 | D:4      | Reached skill level 5 in Fighting
  3517 | D:4      | Found a bloodstained altar of Trog.
  3517 | D:4      | Found an ornate altar of the Wu Jian Council.
  3525 | D:4      | Found a sacrificial altar of Ru.
  3544 | D:4      | Reached skill level 6 in Axes
  3555 | D:4      | Found an ancient bone altar of Kikubaaqudgha.
  3632 | D:4      | Noticed Homage's ghost (novice GrCj)
  3649 | D:4      | Killed Homage's ghost
  3649 | D:4      | Reached XP level 8. HP: 12/49 MP: 8/8
  4032 | D:4      | Found an opulent altar of Gozag.
  4066 | D:4      | You fall through a shaft!
  4066 | D:5      | Entered Level 5 of the Dungeon
  4113 | D:5      | Reached skill level 7 in Axes
  4184 | D:5      | Found a staircase to the Ecumenical Temple.
  4431 | D:5      | Reached **** piety under Trog
  4972 | D:4      | Noticed a moth of wrath
  4974 | D:4      | Found a bloodstained altar of Trog.
  5165 | D:6      | Reached skill level 8 in Axes
  5404 | D:6      | Noticed Eustachio
  5429 | D:6      | Killed Eustachio
  5429 | D:6      | Reached ***** piety under Trog
  5482 | D:6      | Found a blossoming altar of Fedhas.
  5601 | D:6      | Reached XP level 9. HP: 55/55 MP: 9/9
  5713 | D:6      | Reached skill level 9 in Axes
  6203 | D:7      | Noticed Fang's ghost (novice GrBe)
  6211 | D:7      | Killed Fang's ghost
  6211 | D:7      | Reached skill level 5 in Armour
  6406 | D:7      | Got a warped ring mail
  6417 | D:7      | Identified the +2 ring mail "Miowua" {Regen+ rCorr} (You found it on level 7 of the Dungeon)
  7312 | D:8      | Noticed Grum
  7313 | D:8      | Noticed Psyche
  7318 | D:8      | Slain by a wolf

Skill      XL: |  1  2  3  4  5  6  7  8  9 |
---------------+----------------------------+-----
Axes           | 3 4 5 6 8 9 |  9.8
Dodging        | 2 3 4 |  4.2
Fighting       | 4 5 7 |  7.0
Armour         | 4 5 |  5.8
Stealth        | |  0.8

Action                   |  1- 3 |  4- 6 |  7- 9 || total
-------------------------+-------+-------+-------++-------
Melee: Hand axe          |   106 |   171 |   453 ||   730
Invok: Berserk           |     1 |     6 |     6 ||    13
  Use: Scroll            |       |     9 |    11 ||    20
  Eat: Chunk             |       |    10 |    10 ||    20
       Ration            |       |     1 |     3 ||     4
Armor: Animal skin       |    51 |    35 |       ||    86
       Plate armour      |       |     4 |   223 ||   227
       Ring mail         |       |       |    22 ||    22
Dodge: Dodged            |    80 |   110 |   187 ||   377
